 Dungeon Crawl Stone Soup version 0.28.0-45-g0d030f2227 (webtiles) character file.

Game seed: 6257620630391810757

415 DuloT34 the Bolt Thrower (level 6, -13/52 HPs)
             Began as a Deep Dwarf Hunter on Apr 19, 2022.
             Was a Follower of Trog.
             Mangled by an ogre
             ... wielding a +0 giant club
              (16 damage)
             ... on level 5 of the Dungeon.
             The game lasted 00:06:22 (2475 turns).

DuloT34 the Bolt Thrower (Deep Dwarf Hunter)        Turns: 2475, Time: 00:06:23

Health: -13/52     AC:  5    Str: 15    XL:     6   Next: 60%
Magic:  5/5        EV: 14    Int: 12    God:    Trog [*.....]
Gold:   268        SH:  0    Dex: 15    Spells: 5/5 levels left

rFire   . . .      SeeInvis .   a - +1 hand crossbow
rCold   . . .      Faith    .   (no shield)
rNeg    . . .      Spirit   .   c - +0 leather armour
rPois   .          Reflect  .   g - +1 hat
rElec   .          Harm     .   (no cloak)
rCorr   .          Rampage  .   (no gloves)
Will    .....                   i - +0 pair of boots
Stlth   ++........              (no amulet)
HPRegen 0.00/turn               (no ring)
MPRegen 0.09/turn               (no ring)

@: no status effects
A: damage resistance, heal wounds, sense surroundings 1, no regeneration
a: Heal Wounds, Renounce Religion, Berserk


You were on level 5 of the Dungeon.
You worshipped Trog.
Trog was aware of your devotion.
You visited 1 branch of the dungeon, and saw 5 of its levels.

You collected 268 gold pieces.

Inventory:

Hand Weapons
 a - a +1 hand crossbow (weapon)
 b - a +1 dagger of flaming
 f - a +0 short sword
Missiles
 d - 26 bolts (quivered ammo)
Armour
 c - a +0 leather armour (worn)
 g - a +1 hat (worn)
 i - a +0 pair of boots (worn)
Jewellery
 o - a ring of magical power
Scrolls
 k - a scroll of identify {unknown}
 l - 3 scrolls of immolation {unknown}
 m - a scroll of holy word {unknown}
Potions
 e - a potion of heal wounds {unknown}
 h - a potion of attraction {unknown}
 j - 3 potions of curing
 n - a potion of berserk rage {unknown}


   Skills:
 - Level 1.7 Fighting
 + Level 6.9 Crossbows
 + Level 5.7 Dodging
 - Level 1.2 Stealth


You had 5 spell levels left.
You didn't know any spells.
Your spell library contained the following spells:

 Spells                   Type           Power      Damage    Failure   Level
 Magic Dart               Conj           0%         1d3       38%         1
 Call Imp                 Summ           0%         N/A       52%         2
 Mephitic Cloud           Conj/Pois/Air  0%         N/A       77%         3


Dungeon Overview and Level Annotations

Branches:
Dungeon (5/15)
 Temple: D:4-7

Altars:
Trog

Portals:
Abyss: D:4
Ossuary: D:5

Annotations:
D:4 2 transporters, AveHart's ghost, novice DsIE


Innate Abilities, Weirdness & Mutations

You are resistant to damage.
You can heal yourself by infusing magical energy.
You passively map a small area around you.
You do not regenerate.


Message History

The ogre is almost dead.
The ogre misses you.
You barely miss the ogre.
The ogre is almost dead.
The ogre closely misses you.
You barely miss the ogre.
The ogre is almost dead.
You hear the slow hiss of an avalanche of sand nearby.
The ogre barely misses you.
You clumsily bash the ogre but do no damage.
The ogre is almost dead.
The ogre barely misses you.
You clumsily bash the ogre but do no damage.
The ogre is almost dead.
The ogre barely misses you.
You clumsily bash the ogre but do no damage.
The ogre is almost dead.
The ogre completely misses you. The ogre closely misses you.
You clumsily bash the ogre but do no damage.
The ogre is almost dead.
The ogre hits you with a +0 giant club.
* * * LOW HITPOINT WARNING * * *
You clumsily bash the ogre but do no damage.
The ogre is almost dead.
The ogre barely misses you.
You clumsily bash the ogre but do no damage.
The ogre is almost dead.
The ogre hits you with a +0 giant club!
* * * LOW HITPOINT WARNING * * *
You clumsily bash the ogre but do no damage.
The ogre is almost dead.
The ogre closely misses you.
You clumsily bash the ogre but do no damage.
The ogre is almost dead.
The ogre closely misses you.
You clumsily bash the ogre but do no damage.
The ogre is almost dead.
The ogre closely misses you.
The ogre hits you with a +0 giant club!!
You die...

* .....(. *
...(. ,* ,
..... * ##..(#
,, ...(# **
.h. #O# * #@#
* #.#######.#
* #........##
,,
,#.######...#*
,, * #.#.##.#
#.#.##.#
#.#.##.# *
#.#.##.# ,
#.#.##.#


You could see a black bear and an ogre.

Vanquished Creatures
  A water moccasin (D:4)
  An ogre (D:4)
  A hound (D:4)
  2 jellies (D:4)
  A hound skeleton (D:4)
  6 gnolls
  A worm (D:2)
  4 dart slugs
  5 orcs (D:4)
  5 endoplasms
  2 giant cockroaches
  8 goblins
  5 hobgoblins
  3 jackals (D:1)
  2 quokkas
  7 ball pythons
  3 bats (D:1)
  4 frilled lizards
  A jackal zombie (D:5)
  3 kobolds
  4 rats
69 creatures vanquished.

Notes
Turn   | Place    | Note
-------+----------+-------------------------------------------
     0 | D:1      | DuloT34 the Deep Dwarf Hunter began the quest for the Orb.
     0 | D:1      | Reached XP level 1. HP: 19/19 MP: 1/1
    76 | D:1      | Reached XP level 2. HP: 26/26 MP: 2/2
   801 | D:1      | Reached skill level 5 in Crossbows
   801 | D:1      | Reached XP level 3. HP: 20/32 MP: 3/3
  1373 | D:2      | Reached XP level 4. HP: 13/39 MP: 4/4
  1382 | D:2      | Found a faded altar of an unknown god.
  1396 | D:2      | Prayed at the altar of an unknown god.
  1396 | D:2      | Became a worshipper of Trog the Wrathful
  1396 | D:2      | Reached * piety under Trog
  1735 | D:4      | Found a transporter.
  1798 | D:4      | Reached XP level 5. HP: 15/45 MP: 5/5
  1861 | D:4      | Noticed an ogre
  1866 | D:4      | Killed an ogre
  1867 | D:4      | Reached skill level 6 in Crossbows
  1867 | D:4      | Reached skill level 5 in Dodging
  1985 | D:4      | Reached XP level 6. HP: 36/52 MP: 5/5
  1993 | D:4      | Noticed a small abomination
  2021 | D:4      | Found a transporter.
  2077 | D:4      | Found a one-way gate to the infinite horrors of the Abyss.
  2078 | D:4      | Noticed AveHart's ghost (novice DsIE)
  2099 | D:4      | Noticed a water moccasin
  2108 | D:4      | Noticed a small abomination
  2125 | D:4      | Killed a water moccasin
  2420 | D:5      | Entered Level 5 of the Dungeon
  2424 | D:5      | Found a sand-covered staircase.
  2475 | D:5      | Mangled by an ogre

Illustrated notes

Levels and vault maps discovered:
D:1:      nzn_arrival_crosshair, layout_basic, minmay_misc_feat_more_columns,
          minmay_misc_feat_pillars, minmay_tromino_mix6
D:2:      layout_basic, chequers_ecumenical_altar_simple_redux
D:3:      layout_basic
D:4:      layout_loops_ring, gammafunk_ghost_abyssal_escape
D:5:      layout_loops_ring, enter_ossuary_3

Skill      XL: |  1  2  3  4  5 |
---------------+----------------+-----
Dodging        | 3 4 5 |  5.7
Crossbows      | 5 6 |  6.9
Fighting       | |  1.7
Stealth        | |  1.2

Action                   |  1- 3 |  4- 6 || total
-------------------------+-------+-------++-------
Melee: Hand crossbow     |       |    25 ||    25
 Fire: Hand crossbow     |    72 |   108 ||   180
Invok: Berserk           |       |     1 ||     1
 Abil: Heal Wounds       |       |     2 ||     2
  Use: Scroll            |     1 |       ||     1
       Potion            |       |     1 ||     1
Armor: Leather armour    |     5 |    12 ||    17
Dodge: Dodged            |    14 |    54 ||    68
